cohdb
Replays
Latest Replays
All Replays
Popular Replays
Top Player Replays
Match Explorer
How It Works
Community
CoH3 Stats
Reddit
Sign in to upload your games and track your stats! →
Sign in with Steam
Match 41020348
Unlisted
Match 41020348
Overview
Messages
Build Orders
End
Construct Barracks
Selects Armored Battlegroup
Selects Assault Engineers
Assault Engineer Squad
Riflemen Squad
Riflemen Squad
Riflemen Squad
Air Support Center
Construct Motor Pool
Grasshopper Recon Run
Selects Fast Deploy
M8 Greyhound Armored Car
.30 cal Machine Gun
Construct Medical Station
M1 Anti-tank Gun Team
Grasshopper Recon Run
P-47 Strafing Run
P-47 Dive Bomb
M1918 Browning Automatic Rifles
Grasshopper Recon Run
P-47 Strafing Run
P-47 Dive Bomb
P-47 Strafing Run
Shawman
BossManShaw
Herald of Salt
Quejour
Elan
frostie
0
0
Comments
sign in to comment!
No comments posted yet!